 Dungeon Crawl Stone Soup version 0.26-a0-670-g578ab304f5 (webtiles) character file.

Game seed: 7774757414360203802

(classic levelgen) 98 EnegeticOcto the Digger (level 5, 0/31 HPs)
             Began as a Halfling Earth Elementalist on Oct 19, 2020.
             Was an Initiate of Ru.
             Slain by an orc
             ... wielding a +0 falchion
              (3 damage)
             ... on level 3 of the Dungeon.
             The game lasted 00:06:02 (745 turns).

EnegeticOcto the Digger (HaEE)                       Turns: 745, Time: 00:06:02

Health: 0/31       AC:  2    Str:  9    XL:     5   Next: 0%
Magic:  3/7        EV: 15    Int: 14    God:    Ru [......]
Gold:   30         SH:  0    Dex: 15    Spells: 6/7 levels left

rFire    . . .     SeeInvis .   m - +1 morningstar
rCold    . . .     Faith    .   (shield restricted)
rNeg     . . .     Spirit   .   c - +0 robe
rPois    .         Reflect  .   (no helmet)
rElec    .         Harm     .   (no cloak)
rCorr    .         Rampage  .   (no gloves)
MR       .....                  (no boots)
Stlth    ++........             (no amulet)
HPRegen  0.10/turn              (no ring)
MPRegen  0.10/turn              (no ring)

@: mighty
A: small, mutation resistance 1
a: Renounce Religion


You were on level 3 of the Dungeon.
You worshipped Ru.
Ru was noncommittal.
You visited 1 branch of the dungeon, and saw 3 of its levels.

You collected 30 gold pieces.

Inventory:

Hand Weapons
 h - a +0 dagger
 m - a +1 morningstar (weapon)
Missiles
 a - 25 poisoned darts
 b - 74 stones (quivered)
 j - 21 bolts
Armour
 c - a +0 robe (worn)
Scrolls
 d - 2 scrolls of identify {unknown}
 e - a scroll of fog {!r}
 f - a scroll of immolation {unknown}
 g - a scroll of enchant armour {unknown}
 l - a scroll of blinking {unknown}


   Skills:
 - Level 2.1 Dodging
 - Level 2.1 Stealth
 - Level 1.5 Spellcasting
   Level 0.5 Transmutations
 + Level 5.3 Earth Magic


You had 6 spell levels left.
You knew the following spells:

 Your Spells              Type           Power        Failure   Level
a - Sandblast             Erth           ###...       2%          1

Your spell library contained the following spells:

 Spells                   Type           Power        Failure   Level
 Passwall                 Tmut/Erth      #.......     12%         2
 Stone Arrow              Conj/Erth      #.....       26%         3
 Petrify                  Tmut/Erth      #.......     58%         4
 Lee's Rapid Deconstruct  Erth           ###.......   61%         5


Dungeon Overview and Level Annotations

Branches:
Dungeon (3/15)

Altars:
Ru
Beogh

Annotations:
D:2 Sigmund
D:3 chipmonk's ghost, weakling MiMo


Innate Abilities, Weirdness & Mutations

You are small and have problems with some larger weapons.
You are somewhat resistant to further mutation.


Message History

Casting: Sandblast (safe; 3% risk of failure)
Confirm with . or Enter, or press ? or * to list all spells.
Aiming: Sandblast (safe; 3% risk of failure)
Press: ? - help, Shift-Dir - straight line, f/p - leopard gecko
Aim: a leopard gecko The blast of sand misses the leopard gecko.
b - 64 stones The leopard gecko closely misses you.
Casting: Sandblast (safe; 3% risk of failure)
Confirm with . or Enter, or press ? or * to list all spells.
Aiming: Sandblast (safe; 3% risk of failure)
Press: ? - help, Shift-Dir - straight line, f/p - leopard gecko
Aim: a leopard gecko The blast of sand hits the leopard gecko.
You kill the leopard gecko!
b - 63 stones The hobgoblin misses you.
You hit the hobgoblin.
You kill the hobgoblin!
No target in view!
You see here a leopard gecko corpse.
Found a stone staircase leading down.
Found 13 stones.
There is a stone staircase leading down here.
b - 76 stones (gained 13)
Found a trident.
Chipmonk's ghost turns its malevolent gaze towards you.
The orc shouts! x3; The orc priest shouts!
The orc shouts! x3
Found a pair of gloves.
Press: ? - help, v - describe, . - travel
Here: chipmonk's ghost (fire blocked by a translucent stone wall)
The floor.
Found a roughly hewn altar of Beogh.
Found a cloak.
Press: ? - help, v - describe, . - travel
Here: an orc, wielding a +6 hunting sling and wearing a +3 chain mail (fire blocked by a runed translucent door)
The floor.
Okay, then.
Really quaff
i - a potion of might {@q3 !q}?
You feel very mighty all of a sudden.
The orc shouts!
You open the gate.
Casting: Sandblast (safe; 3% risk of failure)
Confirm with . or Enter, or press ? or * to list all spells.
Press: ? - help, Shift-Dir - straight line The blast of sand misses the orc.
b - 75 stones The orc hits you.
You hit the orc.
The orc is heavily wounded.
The orc unwields a +6 hunting sling.
The orc closely misses you. The orc completely misses you. The orc misses you.
You sock the orc!
You kill the orc!
The orc hits you. The orc completely misses you.
You barely miss the orc. The orc hits you but does no damage.
The orc misses you. The orc closely misses you.
You puncture the orc!
You kill the orc!
The orc misses you.
You hit the orc but do no damage. The orc closely misses you.
The orc misses you.
You puncture the orc!
You kill the orc!
You have reached level 5!
You feel agile.
You barely miss the orc. The orc misses you. The orc priest closely misses you.
You barely miss the orc priest.
The orc priest hits you with a +0 dagger.
The orc hits you but does no damage. The orc closely misses you.
Chipmonk's ghost screams, "I have seen your future, and it is all used up."
You closely miss the orc priest. The orc closely misses you.
The orc priest looks braver for a moment.
The orc hits you with a +0 falchion. The orc hits you.
* * * LOW HITPOINT WARNING * * *
The orc priest hits you with a +0 dagger.
* * * LOW HITPOINT WARNING * * *
Casting: Sandblast (safe; 2% risk of failure)
Confirm with . or Enter, or press ? or * to list all spells.
Aiming: Sandblast (safe; 2% risk of failure)
Press: ? - help, Shift-Dir - straight line, f - orc
Aim: an orc, wielding a +0 falchion
Okay, then.
Casting: Sandblast (safe; 2% risk of failure)
Confirm with . or Enter, or press ? or * to list all spells.
Press: ? - help, Shift-Dir - straight line, f - orc priest
Aim: an orc priest, wielding a +0 dagger The blast of sand hits the orc priest!
The orc priest is heavily wounded.
b - 74 stones The orc closely misses you.
The orc priest hits you with a +0 dagger.
* * * LOW HITPOINT WARNING * * *
The orc hits you but does no damage.
You barely miss the orc priest.
The orc priest is heavily wounded.
The orc closely misses you. The orc priest misses you.
The orc closely misses you. The orc hits you with a +0 falchion.
You die...

# #8 ..8.. 8#.# #.### ..o
###.# #....#####....#.. .
#..).....oo...#.....
#######''o######....#########
#8.......).....8.##........##
########.#..####...........##
###..o#####..# #.......#
#....Wo@.##..# #......
#.....oo.>...# #..)...
#........##..# #..†...
#####.#####..#####...... #.#
#............. #.#
##.#...#.....# #.#
#...##...#... #.#
#....##.###.#. #. #.#..#..#
#.#.


You could see an orc priest, chipmonk's ghost and 3 orcs.

Vanquished Creatures
  An orc wizard (D:3)
  2 adders
  A worm (D:2)
  A dart slug (D:2)
  A leopard gecko (D:3)
  5 orcs (D:3)
  2 giant cockroaches
  A goblin (D:3)
  6 hobgoblins
  3 jackals (D:2)
  2 ball pythons
  3 bats
  3 frilled lizards
  8 kobolds
  2 rats
41 creatures vanquished.

Notes
Turn   | Place    | Note
-------+----------+-------------------------------------------
     0 | D:1      | EnegeticOcto the Halfling Earth Elementalist began the
                  | quest for the Orb.
     0 | D:1      | Reached XP level 1. HP: 11/11 MP: 3/3
    29 | D:2      | Found a sacrificial altar of Ru.
    36 | D:2      | Became a worshipper of Ru the Awakened
    39 | D:2      | Reached XP level 2. HP: 17/17 MP: 0/4
   221 | D:1      | Reached skill level 4 in Earth Magic
   221 | D:1      | Reached XP level 3. HP: 15/21 MP: 3/5
   454 | D:2      | Noticed Sigmund
   536 | D:3      | Reached skill level 5 in Earth Magic
   536 | D:3      | Reached XP level 4. HP: 6/27 MP: 1/6
   716 | D:3      | Found a runed translucent gate.
   716 | D:3      | Found a runed translucent gate.
   717 | D:3      | Found a runed translucent gate.
   718 | D:3      | Noticed chipmonk's ghost (weakling MiMo)
   722 | D:3      | Found a roughly hewn altar of Beogh.
   740 | D:3      | Reached XP level 5. HP: 20/31 MP: 3/7
   745 | D:3      | Slain by an orc

Illustrated notes

Levels and vault maps discovered:
D:1:      ncdulo_smallfort, layout_basic
D:2:      minmay_angry_zag, layout_basic, nicolae_ru_awakened_eye, uniq_terence,
          uniq_natasha, uniq_robin, uniq_sigmund
D:3:      layout_rooms, biasface_ghost_orc_armoury

Skill      XL: |  1  2  3 |
---------------+----------+-----
Earth Magic    | 4 5 |  5.3
Dodging        | |  2.1
Stealth        | |  2.1
Spellcasting   | |  1.5
Transmutations | |  0.5

Action                   |  1- 3 |  4- 6 || total
-------------------------+-------+-------++-------
Melee: Unarmed           |    13 |       ||    13
       Morningstar       |    15 |    16 ||    31
       Dagger            |     5 |       ||     5
 Cast: Sandblast         |    32 |    17 ||    49
  Use: Scroll            |     2 |     1 ||     3
       Potion            |     2 |     1 ||     3
Armor: Skin              |    16 |       ||    16
       Robe              |     2 |     4 ||     6
Dodge: Dodged            |    39 |    25 ||    64

Table legend: (Time is in decaauts)
 A = Elapsed time spent in this place.
 B = Non-inter-level travel time spent in this place.
 C = Inter-level travel time spent in this place.
 D = Time resting spent in this place.
 E = Time spent auto-exploring this place.
 F = Levels seen in this place.
 G = Mean time per level.
                   A        B        C        D        E       F      G
               +--------+--------+--------+--------+--------+-----+--------+
         Total |    775 |    758 |     17 |      0 |      0 |   3 |  258.3 |
       Dungeon |    775 |    758 |     17 |      0 |      0 |   3 |  258.3 |
               +--------+--------+--------+--------+--------+-----+--------+

Top non-repeatable levels by time:
     D:2: 283 daAuts
     D:3: 271 daAuts
     D:1: 220 daAuts
